 Dungeon Crawl Stone Soup version 0.31.0-32-g396128a36d (webtiles) character file.

Game seed: 12432463529162255655

130 Doomgape the Trooper (level 5, -1/34 HPs)
             Began as a Gargoyle Fighter on Apr 3, 2024.
             Slain by Sigmund
             ... wielding a +0 scythe
              (7 damage)
             ... on level 2 of the Dungeon.
             The game lasted 00:03:38 (1341 turns).

Doomgape the Trooper (Gargoyle Fighter)             Turns: 1341, Time: 00:03:39

Health: -1/34      AC: 16    Str: 21    XL:     5   Next: 14%
Magic:  5/5        EV:  6    Int:  9    God:
Gold:   129        SH:  4    Dex:  9    Spells: 4/4 levels left

rFire   . . .        a - +0 flail
rCold   . . .        c - +0 buckler
rNeg    + . .        i - +0 plate armour
rPois   ∞            (no helmet)
rElec   +            (no cloak)
rCorr   .            (no gloves)
SInv    .            (no boots)
Will    .....        (no amulet) Stlth
                     (no ring)
HPRegen 0.25/turn    (no ring)
MPRegen 0.09/turn

%: no passive effects
@: no status effects
A: sickness immunity, AC +4, negative energy resistance 1, electricity
resistance, torment resistance 1, petrification resistance
a: no special abilities


You were on level 2 of the Dungeon.
You visited 1 branch of the dungeon, and saw 2 of its levels.

You collected 129 gold pieces.

Inventory:

Hand Weapons
 a - a +0 flail (weapon)
Armour
 c - a +0 buckler (worn)
 i - a +0 plate armour (worn)
Scrolls
 e - 2 scrolls of identify {unknown}
 f - a scroll of immolation {unknown}
 g - a scroll of fear {unknown}
 j - a scroll of vulnerability {unknown}
Potions
 b - a potion of resistance {unknown}
 d - a potion of might
 h - a potion of curing


   Skills:
 + Level 4.5 Fighting
 + Level 3.3 Maces & Flails
 + Level 4.4 Armour
 - Level 3.2 Shields


You had 4 spell levels left.
You didn't know any spells.
Your spell library was empty.

Dungeon Overview and Level Annotations

Branches:
Dungeon (2/15)

Altars:

Annotations:
D:2 Sigmund


Innate Abilities, Weirdness & Mutations

You are immune to sickness and miasma.
Your stone body is resilient. (AC +4)
You are immune to poison.
You resist negative energy. (rN+)
You are resistant to electric shocks. (rElec)
You are resistant to unholy torment.
You are immune to petrification.


Message History

Something hits you!
* * * LOW HITPOINT WARNING * * *
Unknown command.
There is an open door here.
Okay, then.
It was a potion of curing.
You feel better. Something hits you but does no damage.
There is an open door here.
You miss something. Something hits you.
* * * LOW HITPOINT WARNING * * *
You barely miss something.
You hear some strange, mumbled words.
You are confused.
You miss something.
You hear some strange, mumbled words.
A magic dart appears from out of thin air!
The magic dart hits you.
* * * LOW HITPOINT WARNING * * *
You miss something.
You hear a zap.
A puff of flame appears from out of thin air!
The puff of flame hits you but does no damage.
Something hits you.
* * * LOW HITPOINT WARNING * * *
You're too confused to move!
You hear a zap.
A puff of flame appears from out of thin air!
The puff of flame hits you but does no damage.
Unknown command.
Something hits you but does no damage.
There is an open door here.
You bump into the rock wall.
You feel less confused.
Unknown command.
You miss something.
You hear some strange, mumbled words.
A magic dart appears from out of thin air!
The magic dart hits you but does no damage.
Something hits you!
You die...

#...# ####.###
#......# #......##
#.......# #.......#
#########
#######.######
#........ #..#...###
#........
##.'...@{####........
###...#..†.#...@....
########.#......?.
#.'.B......
###........ #....?...
#........ ..#####..
..# #


There were no monsters in sight!

Vanquished Creatures
  8 adders (D:2)
  A ribbon worm (D:2)
  2 dart slugs (D:1)
  11 ball pythons
  3 bats
  2 endoplasms
  2 giant cockroaches (D:2)
  3 goblins
  3 hobgoblins
  5 jackals (D:2)
  4 kobolds (D:1)
  3 frilled lizards (D:1)
  7 rats
54 creatures vanquished.

Notes
Turn   | Place    | Note
-------+----------+-------------------------------------------
     0 | D:1      | Doomgape the Gargoyle Fighter began the quest for the Orb.
     0 | D:1      | Reached XP level 1. HP: 14/14 MP: 1/1
    83 | D:1      | Reached XP level 2. HP: 19/19 MP: 2/2
   531 | D:1      | Reached XP level 3. HP: 19/24 MP: 3/3
   981 | D:2      | Reached XP level 4. HP: 29/29 MP: 4/4
  1179 | D:2      | Reached XP level 5. HP: 34/34 MP: 5/5
  1314 | D:2      | Noticed Sigmund
  1341 | D:2      | Slain by Sigmund

Illustrated notes

Levels and vault maps discovered:
D:1:      dpeg_arrival_fog, layout_basic
D:2:      layout_basic, minmay_snake_closets, uniq_sigmund

Skill      XL: |  1  2  3  4 |
---------------+-------------+-----
Fighting       | 4 |  4.5
Armour         | 4 |  4.4
Maces & Flails | 3 |  3.3
Shields        | |  3.2

Action                     |  1- 3 |  4- 6 || total
---------------------------+-------+-------++-------
  Melee: Flail             |   107 |    65 ||   172
    Use: Potion            |       |     1 ||     1
 Armour: Scale mail        |    33 |       ||    33
         Plate armour      |    52 |    69 ||   121
  Dodge: Dodged            |    40 |    24 ||    64
  Block: Buckler           |    24 |     8 ||    32
